 Dungeon Crawl Stone Soup version 0.29.1-2-gbd0b4ee654 (webtiles) character file.

Game seed: 15071083640912108237

2596 ces the Skirmisher (level 9, -4/42 HPs)
             Began as a Spriggan Hunter on Sept 6, 2022.
             Was an Initiate of Gozag.
             Succumbed to a killer bee's poison
             ... on level 8 of the Dungeon on Oct 29, 2022.
             The game lasted 00:37:12 (11485 turns).

ces the Skirmisher (Spriggan Hunter)               Turns: 11485, Time: 00:37:12

Health: -4/42      AC:  2    Str:  7    XL:     9   Next: 33%
Magic:  18/18      EV: 19    Int: 16    God:    Gozag
Gold:   1017       SH:  4    Dex: 25    Spells: 8/8 levels left

rFire   . . .      SeeInvis +   b - +1 dagger (venom)
rCold   . . .      Faith    .   (no shield)
rNeg    . . .      Spirit   .   c - +0 robe
rPois   .          Reflect  .   (helmet restricted)
rElec   +          Harm     .   (no cloak)
rCorr   .          Rampage  .   (gloves unavailable)
Will    +....                   (boots unavailable)
Stlth   +++.......              (no amulet)
HPRegen 0.14/turn               d - +6 ring of intelligence
MPRegen 0.16/turn               C - ring "Reroedud" {rElec MP+9 Dex+2}

@: lethally poisoned (-4 -> -23), gold aura, on berserk cooldown, slowed, unable
to drink, quick
A: very small, no large weapons, unfitting armour, see invisible, speed 3, large
bone plates 1, low MP 1, inability to drink after injury 1
a: Renounce Religion, Potion Petition, Call Merchant, Bribe Branch


You were on level 8 of the Dungeon.
You worshipped Gozag.
Gozag was most pleased with you.
You visited 2 branches of the dungeon, and saw 9 of its levels.
You also visited: Ossuary.

You collected 1085 gold pieces.
You paid 68 gold pieces to Gozag.

Inventory:

Hand Weapons
 a - a +0 shortbow
 b - a +1 dagger of venom (weapon)
Armour
 c - a +0 robe (worn)
Jewellery
 d - a +6 ring of intelligence (left hand)
 k - a +6 ring of intelligence
 m - a ring of wizardry
 A - a ring of wizardry
 B - a +6 ring of dexterity
 C - the ring "Reroedud" (right hand) {rElec MP+9 Dex+2}
   (You found it on level 7 of the Dungeon)

   [ring of magical power]

   Dex:       It affects your dexterity (+2).
   rElec:     It insulates you from electricity.
   MP:        It affects your magic capacity (+9).
Wands
 h - a wand of paralysis (5)
Scrolls
 e - 4 scrolls of teleportation
 j - a scroll of amnesia {unknown}
 l - a scroll of fear {unknown}
 o - a scroll of acquirement {unknown}
 q - a scroll of torment {unknown}
 s - a scroll of fog
 v - a scroll of poison
 x - a scroll of enchant weapon {unknown}
 y - 2 scrolls of immolation
 z - a scroll of vulnerability
Potions
 f - a potion of berserk rage
 i - 4 potions of curing
 n - 4 potions of brilliance {unknown}
 p - 2 potions of haste
 r - a potion of lignification
 u - 2 potions of magic
 w - a potion of resistance {unknown}


   Skills:
 - Level 2.1 Fighting
 - Level 0.1 Short Blades
 * Level 12.6 Ranged Weapons
 - Level 3.1 Dodging
 * Level 4.5 Stealth
 + Level 1.7 Evocations


You had 8 spell levels left.
You didn't know any spells.
Your spell library contained the following spells:

 Spells                   Type           Power      Damage    Failure   Level
 Beastly Appendage        Tmut           0%         N/A       26%         1
 Slow                     Hex            0%         N/A       26%         1
 Confusing Touch          Hex            0%         N/A       58%         3
 Ignite Poison            Fire/Tmut/Pois 0%         N/A       58%         3
 Vampiric Draining        Necr           0%         2d6       58%         3
 Olgreb's Toxic Radiance  Pois           0%         N/A       94%         4
 Lightning Bolt           Conj/Air       0%         1d11      100%        5
 Silence                  Hex/Air        0%         N/A       100%        5
 Yara's Violent Unravell  Hex/Tmut       0%         3d3       100%        5
 Enfeeble                 Hex            0%         N/A       100%        7
 Ozocubu's Refrigeration  Ice            0%         4d7       100%        7
 Ignition                 Fire           0%         3d3       100%        8


Dungeon Overview and Level Annotations

Branches:
Dungeon (8/15)             Temple (1/1) D:4         Ossuary (visited)
   Lair: D:8-11

Altars:
Elyvilon
Fedhas
Gozag
Hepliaklqana
Kikubaaqudgha
Makhleb
Okawaru
Qazlal
Sif Muna
Uskayaw
Wu Jian
Yredelemnul
Zin

Shops:
D:6 (

Annotations:
D:5 Sigmund
D:6 3 runed translucent doors, xian's ghost, novice VSCj


Innate Abilities, Weirdness & Mutations

You are very small and have problems with some larger weapons.
You are too small for most types of armour.
You have supernaturally acute eyesight. (SInv)
You cover ground extremely quickly. (Speed+++)
You are partially covered in large bone plates. (SH +4)
Your magical capacity is low. (-10% MP)
You occasionally lose the ability to drink potions when taking damage.


Message History

A killer bee comes into view.
The killer bee buzzes angrily.
You see here 16 gold pieces.
You puncture the killer bee!
The killer bee is poisoned.
The killer bee is no longer distracted by gold.
The killer bee is severely wounded.
You block the killer bee's attack.
You puncture the killer bee!
You kill the killer bee!
The killer bee is distracted by your dazzling golden aura.
You barely miss the killer bee.
The killer bee is no longer distracted by gold.
The killer bee buzzes angrily.
You are no longer berserk.
You are exhausted.
You feel yourself slow down. The killer bee misses you.
The killer bee barely misses you.
You hit the killer bee.
The killer bee is poisoned.
The killer bee is lightly wounded.
The killer bee stings you.
You are poisoned.
The killer bee poisons you! The killer bee completely misses you.
The killer bee stings you.
You feel threatened and lose the ability to drink potions!
* * * LOW HITPOINT WARNING * * *
You are more poisoned.
The killer bee poisons you!
You cannot drink potions in your current state!
You cannot drink potions in your current state!
The killer bee attacks as you move away!
The killer bee stings you.
* * * LOW HITPOINT WARNING * * *
You are more poisoned.
The killer bee poisons you!
* * * LOW HITPOINT WARNING * * *
You feel very sick.
You hit the killer bee.
You kill the killer bee!
You die...
Your body crumbles into a pile of gold.

#.. #.#
##########.##.#
#§§§§§§§§§<....
#§########.##.#
#.# #.# # #.#
#..
#.####$#####
####
#$@$......#
#.###$......#
.. #..###..# ##
...# ... ##.##
## #.# #.# #[#


There were no monsters in sight!

Vanquished Creatures
  Duvessa (D:7)
  A water moccasin (D:6)
  An orc warrior (D:6)
  An ice beast (D:5)
  A sky beast (D:6)
  A black bear (D:5)
  A centaur (D:7)
  2 ogres
  2 bullfrogs
  A gnoll sergeant (D:3)
  A necrophage (D:6)
  2 scorpions
  5 wights (D:6)
  Dowan (D:7)
  5 killer bees (D:8)
  3 bullfrog zombies (D:5)
  4 hounds
  2 jellies
  A human zombie (Ossuary)
  4 orc priests
  An iguana (D:4)
  2 orc wizards
  A scorpion zombie (D:5)
  A hound zombie (D:5)
  4 mummies (Ossuary)
  A howler monkey zombie (D:5)
  8 gnolls
  9 adders
  A shadow imp (D:6)
  A white imp (D:7)
  2 ufetubi
  An adder zombie (Ossuary)
  3 worms
  3 dart slugs
  23 orcs
  6 ball pythons
  2 bats
  6 endoplasms
  3 giant cockroaches
  8 goblins
  7 hobgoblins
  8 jackals
  5 quokkas
  5 frilled lizards
  2 goblin zombies (Ossuary)
  2 hobgoblin zombies (Ossuary)
  2 jackal zombies (Ossuary)
  7 kobolds
  A kobold zombie (Ossuary)
  8 rats
  3 rat zombies (Ossuary)
176 creatures vanquished.

Vanquished Creatures (others)
  A fungus (D:3)
  A plant (D:3)
2 creatures vanquished.

Grand Total: 178 creatures vanquished

Notes
Turn   | Place    | Note
-------+----------+-------------------------------------------
     0 | D:1      | ces the Spriggan Hunter began the quest for the Orb.
     0 | D:1      | Reached XP level 1. HP: 10/10 MP: 2/2
   134 | D:1      | Reached XP level 2. HP: 10/14 MP: 3/3
   308 | D:1      | Got the Papyrus of Changing and the Birds
   972 | D:2      | Reached XP level 3. HP: 18/18 MP: 4/4
   994 | D:2      | Reached skill level 5 in Ranged Weapons
  1347 | D:2      | Reached XP level 4. HP: 23/23 MP: 5/5
  1869 | D:3      | Found a faded altar of an unknown god.
  2493 | D:3      | Reached skill level 6 in Ranged Weapons
  2493 | D:3      | Reached XP level 5. HP: 26/26 MP: 6/6
  3472 | D:4      | Found a staircase to the Ecumenical Temple.
  3489 | Temple   | Entered the Ecumenical Temple
  3536 | Temple   | Became a worshipper of Gozag Ym Sagoz the Greedy
  4920 | D:4      | Found a hazy altar of Hepliaklqana.
  4997 | D:4      | Found a shimmering blue altar of Sif Muna.
  5031 | D:4      | Reached XP level 6. HP: 22/30 MP: 7/7
  5339 | D:4      | Reached skill level 7 in Ranged Weapons
  5553 | D:5      | Entered Level 5 of the Dungeon
  5634 | D:5      | Found a sand-covered staircase.
  5657 | Ossuary  | Entered an ossuary
  6013 | D:5      | Found a hide-covered altar of Uskayaw.
  6339 | D:5      | Found a stormy altar of Qazlal.
  6397 | D:4      | Reached skill level 8 in Ranged Weapons
  6397 | D:4      | Reached XP level 7. HP: 20/35 MP: 8/8
  6943 | D:5      | Reached skill level 9 in Ranged Weapons
  7153 | D:5      | Found a basalt altar of Yredelemnul.
  7465 | D:5      | Noticed Sigmund
  7602 | D:6      | Reached XP level 8. HP: 39/39 MP: 9/9
  7612 | D:6      | Identified the +3 great mace of Kochuo {vorpal, +Blink rC+
                  | Int-3}
  8028 | D:6      | Reached skill level 10 in Ranged Weapons
  8289 | D:5      | Gained mutation: You are robust. (+10% HP) [potion of
                  | mutation]
  8360 | D:6      | Found a runed translucent gate.
  8360 | D:6      | Found a runed translucent gate.
  8360 | D:6      | Found a runed translucent gate.
  8361 | D:6      | Noticed xian's ghost (novice VSCj)
  8652 | D:6      | Reached skill level 11 in Ranged Weapons
  8727 | D:6      | Found an ornate altar of the Wu Jian Council.
  9650 | D:3      | Found the +3 woodcutter's axe {vorpal}
  9909 | D:4      | Upgraded the game from 0.29.0-11-gd7f09526c8 to
                  | 0.29.0-13-gc9e81de378
  9909 | D:4      | Upgraded the game from 0.29.0-13-gc9e81de378 to
                  | 0.29.1-2-gbd0b4ee654
  9984 | D:6      | Found Desifex's Weapon Boutique.
 10045 | D:6      | Reached skill level 12 in Ranged Weapons
 10045 | D:6      | Reached XP level 9. HP: 46/46 MP: 10/10
 10447 | D:7      | Noticed a boulder beetle
 10466 | D:7      | Identified the ring "Reroedud" {rElec MP+9 Dex+2}
 10820 | D:7      | Reached skill level 1 in Evocations
 11098 | D:7      | Noticed Dowan
 11099 | D:7      | Noticed Duvessa
 11120 | D:7      | Killed Duvessa
 11169 | D:7      | Killed Dowan
 11432 | D:8      | Lost mutation: You are robust. (+10% HP) [potion of
                  | mutation]
 11432 | D:8      | Gained mutation: Your magical capacity is low. (-10% MP)
                  | [potion of mutation]
 11432 | D:8      | Gained mutation: You occasionally lose the ability to drink
                  | potions when taking damage. [potion of mutation]
 11432 | D:8      | Gained mutation: You passively dampen the noise of your
                  | surroundings. [potion of mutation]
 11432 | D:8      | Gained mutation: You are partially covered in large bone
                  | plates. (SH +4) [potion of mutation]
 11433 | D:8      | Lost mutation: You passively dampen the noise of your
                  | surroundings. [potion of mutation]
 11433 | D:8      | Lost mutation: You occasionally lose the ability to drink
                  | potions when taking damage. [potion of mutation]
 11433 | D:8      | Gained mutation: You occasionally lose the ability to drink
                  | potions when taking damage. [potion of mutation]
 11433 | D:8      | Gained mutation: You expend magic power (3 MP) to
                  | strengthen your wands. [potion of mutation]
 11433 | D:8      | Lost mutation: You expend magic power (3 MP) to strengthen
                  | your wands. [potion of mutation]
 11484 | D:8      | HP: 2/42 [poisoned by a killer bee]
 11485 | D:8      | Succumbed to a killer bee's poison

Illustrated notes

Levels and vault maps discovered:
D:1:      ncdulo_halloftheorcs, layout_basic, fountainhead,
          nicolae_concentric_dashed_squares_mild
D:2:      layout_basic, hangedman_glass_teeth, moated_statue
D:3:      cheibrodos_helix_gallery, layout_basic,
          shapermc_ecumenical_altar_acropolis, pf_guarded_unrand_woodcutter
D:4:      layout_basic, nicolae_hepliaklqana_hippocampus,
          mainiacjoe_overflow_six_doors_small, minmay_temple_entry_trees,
          chequers_jeans, wad_orctagon
D:5:      layout_loops_corners, nicolae_yredelemnul_corpse_copse,
          mainiacjoe_overflow_24_doors, mainiacjoe_overflow_catwalk,
          enter_ossuary_3, uniq_sigmund
D:6:      layout_cave_pools, kennysheep_little_box, gammafunk_ghost_necromancy,
          serial_shops, nicolae_lakefront_shop, minmay_misc_feat_diagonals
D:7:      layout_loops_ring, uniq_duvessa
D:8:      kennysheep_steamy, layout_loops_ring, trog_hazing_becter,
          nicolae_overflow_hidden_temple, lair_entry_dummy, nicolae_diode_basic,
          uniq_maggie
Temple:   nicolae_temple_ecumenical_triangle

Skill      XL: |  1  2  3  4  5  6  7  8  9 |
---------------+----------------------------+-----
Ranged Weapons | 5 6 8 9 12 | 12.6
Dodging        | 3 |  3.1
Stealth        | 2 3 4 |  4.5
Fighting       | 2 |  2.1
Evocations     | 1 |  1.7
Short Blades   | |  0.1

Action                   |  1- 3 |  4- 6 |  7- 9 || total
-------------------------+-------+-------+-------++-------
Melee: Shortbow          |       |       |     1 ||     1
       Dagger            |       |       |    58 ||    58
 Fire: Shortbow          |    91 |   325 |   270 ||   686
Evoke: Wand              |       |       |    19 ||    19
  Use: Scroll            |       |     8 |     6 ||    14
       Potion            |       |       |     8 ||     8
 Stab: Paralysed         |       |       |     4 ||     4
       Distracted        |       |       |     1 ||     1
       Sleeping          |       |       |     1 ||     1
Armor: Robe              |       |     7 |     5 ||    12
Dodge: Dodged            |    30 |    82 |    91 ||   203
Block: Other             |       |       |     6 ||     6
